 Dungeon Crawl Stone Soup version 0.28.0-1-gb440e238dd (webtiles) character file.

Game seed: 9759975099290960617

32207 issech the Cleaver (level 13, -16/115 HPs)
             Began as a Troll Monk on Feb 27, 2022.
             Was a High Priest of Hepliaklqana.
             Demolished by an orc knight (19 damage)
             ... on level 2 of the Orcish Mines.
             The game lasted 01:09:33 (13953 turns).

issech the Cleaver (Troll Monk)                    Turns: 13953, Time: 01:09:34

Health: -16/115    AC: 17    Str: 22    XL:     13   Next: 30%
Magic:  12/12      EV: 13    Int:  6    God:    Hepliaklqana [*****.]
Gold:   979        SH:  5    Dex: 16    Spells: 12/12 levels left

rFire   . . .      SeeInvis .   h - +11 hand axe of the Rat {flame, rPois rC+ rCorr}
rCold   + . .      Faith    .   (no shield)
rNeg    . . .      Spirit   .   G - +0 acid dragon scales
rPois   +          Reflect  +   (helmet restricted)
rElec   .          Harm     .   L - +2 cloak {rPois}
rCorr   +          Rampage  .   (gloves unavailable)
Will    .....                   (boots unavailable)
Stlth   +++.......              P - amulet of reflection
HPRegen 1.09/turn               A - +4 ring of slaying
MPRegen 0.13/turn               W - +4 ring of protection

@: no status effects
A: reduced essence, large, unfitting armour, claws 3, regeneration 1, shaggy fur
1, tough skin 1
a: Renounce Religion, Recall Ancestor, Ancestor Identity, Transference, Idealise


You were on level 2 of the Orcish Mines.
You worshipped Hepliaklqana.
Hepliaklqana was extremely pleased with you.
You visited 3 branches of the dungeon, and saw 17 of its levels.
You also visited: Ossuary.

You collected 1249 gold pieces.
You spent 270 gold pieces at shops.

Inventory:

Hand Weapons
 h - the +11 hand axe of the Rat (weapon) {flame, rPois rC+ rCorr}
   (You found it on level 2 of the Dungeon)

   It burns those it strikes, dealing additional fire damage.
   Big, fiery blades are also staple armaments of hydra-hunters.
   rC:        It protects you from cold.
   rPois:     It protects you from poison.
   rCorr:     It protects you from acid and corrosion.
 o - a +2 antimagic war axe
 z - a +3 morningstar of freezing
 C - a +0 giant spiked club
 H - a +4 morningstar
 M - a +0 vorpal shortbow
 Q - the +11 battleaxe "Etuh" {flame, +Blink rPois}
   (You found it on level 11 of the Dungeon)

   It burns those it strikes, dealing additional fire damage.
   Big, fiery blades are also staple armaments of hydra-hunters.
   rPois:     It protects you from poison.
   +Blink:    It lets you blink.
 X - the +10 dagger of Eternal Harmony {holy, rF+}
   (You found it on level 13 of the Dungeon)

   It has been blessed by the Shining One to cause great damage to the undead
   and demons.
   rF:        It protects you from fire.
Missiles
 e - 112 sling bullets
 f - 470 stones
 g - 5 boomerangs
 p - 141 bolts
 y - a curare-tipped dart
 N - 3 silver javelins
 O - 309 arrows
 R - 19 poisoned darts
 S - 5 boomerangs of dispersal
 T - 6 atropa-tipped darts
 V - 26 large rocks (quivered)
Armour
 G - +0 acid dragon scales (worn)
 I - a +0 troll leather armour
 L - a +2 cloak of poison resistance (worn)
Magical Staves
 s - a staff of death
 Z - a staff of cold
Jewellery
 t - an amulet of guardian spirit
 A - a +4 ring of slaying (left claw)
 B - a ring of willpower
 D - a ring of flight
 P - an amulet of reflection (around neck)
 W - a +4 ring of protection (right claw)
Wands
 b - a wand of iceblast (12)
 v - a wand of flame (28)
 E - a wand of mindburst (10)
 Y - a wand of digging (4)
Scrolls
 a - a scroll of silence
 j - 8 scrolls of identify
 l - 3 scrolls of summoning
 m - 5 scrolls of enchant weapon
 n - 5 scrolls of magic mapping
 u - 3 scrolls of blinking
 w - 2 scrolls of fear
 K - 5 scrolls of teleportation
Potions
 c - 3 potions of might
 d - 3 potions of haste
 i - 4 potions of heal wounds
 k - 5 potions of curing
 q - a potion of resistance
 r - 2 potions of mutation
 F - 2 potions of flight
 J - 2 potions of lignification
 U - a potion of invisibility
Miscellaneous
 x - a condenser vane


   Skills:
 + Level 8.4 Fighting
 + Level 12.2(12.4) Axes
 + Level 3.5(9.3) Maces & Flails
 + Level 0.3 Throwing
 + Level 7.2 Armour
 + Level 7.7 Dodging
 + Level 4.6 Stealth
 + Level 4.2 Shields


You had 12 spell levels left.
You didn't know any spells.
Your spell library contained the following spells:

 Spells                   Type           Power      Damage    Failure   Level
 Corpse Rot               Necr/Air       0%         N/A       67%         2
 Poisonous Vapours        Pois/Air       0%         N/A       67%         2
 Scorch                   Fire           0%         2d5       67%         2
 Gell's Gravitas          Tloc           0%         N/A       88%         3
 Stone Arrow              Conj/Erth      0%         3d7       88%         3
 Teleport Other           Tloc           0%         N/A       88%         3
 Animate Armour           Summ/Erth      0%         N/A       99%         4
 Animate Dead             Necr           0%         N/A       99%         4
 Flame Wave               Conj/Fire      0%         2d4       99%         4
 Borgnjor's Vile Clutch   Necr/Erth      0%         N/A       100%        5
 Fireball                 Conj/Fire      0%         3d3       100%        5
 Iskenderun's Battlesphe  Conj           0%         2d6       100%        5
 Death Channel            Necr           0%         N/A       100%        6
 Dispersal                Tloc           0%         N/A       100%        6
 Iron Shot                Conj/Erth      0%         9d1       100%        6
 Starburst                Conj/Fire      0%         6d3       100%        6
 Summon Cactus Giant      Summ           0%         N/A       100%        6
 Spellforged Servitor     Conj/Summ      0%         N/A       100%        7
 Ignition                 Fire           0%         3d3       100%        8
 Lehudib's Crystal Spear  Conj/Erth      0%         10d2      100%        8


Dungeon Overview and Level Annotations

Branches:
Dungeon (14/15)            Temple (1/1) D:4            Lair (0/6) D:10
    Orc (2/2) D:9          Vaults (0/5) D:13        Ossuary (visited)
    Elf: Orc:2

Altars:
Ashenzari
Cheibriados
Dithmenos
Elyvilon
Fedhas
Gozag
Hepliaklqana
Kikubaaqudgha
Makhleb
Nemelex Xobeh
Okawaru
Qazlal
Ru
Sif Muna
Trog
Uskayaw
Vehumet
Wu Jian
Xom
Yredelemnul
Zin
The Shining One

Shops:
D:1 =   D:2 [   D:4 *   D:6 ?[   D:7 (   D:9 (

Annotations:
Orc:2 Saint Roka


Innate Abilities, Weirdness & Mutations

Your life essence is reduced to manifest your ancestor. (-10% HP)
You are too large for most types of armour.
You have claws for hands.
Your natural rate of healing is unusually fast.
You are covered in fur. (AC +1)
You have tough skin. (AC +1)


Message History

There is a stone staircase leading up here.
You slice the orc priest!! You burn the orc priest.
You kill the orc priest!
You block the orc warrior's attack. The orc knight barely misses you.
The orc warrior hits you with a +0 trident of pain!
You writhe in agony.
Things that are here:
a +0 mace; a +0 plate armour; an orc corpse You slash the orc warrior!
You burn the orc warrior.
The orc warrior is moderately wounded.
You hit the orc knight. You burn the orc knight. You hit the orc warrior.
You burn the orc warrior. You claw the orc warrior.
The orc warrior is severely wounded.
You hit the orc knight. You burn the orc knight.
The orc warrior hits you from afar with a +0 glaive!!
The orc knight misses you.
The orc warrior hits you with a +0 trident of pain!
Unknown command.
You barely miss the orc warrior.
The orc warrior is severely wounded.
You hit the orc knight. You burn the orc knight.
The orc knight hits you with a +2 battleaxe!!
* * * LOW HITPOINT WARNING * * *
The orc warrior hits you with a +0 trident of pain!
* * * LOW HITPOINT WARNING * * *
You writhe in agony.
* * * LOW HITPOINT WARNING * * *
The orc warrior misses you.
The orc priest mumbles some strange prayers to Beogh against you.
Beogh smites you!
* * * LOW HITPOINT WARNING * * *
The orc warrior hits you but does no damage.
You writhe in agony.
* * * LOW HITPOINT WARNING * * *
You hear a shout!
There is a stone staircase leading up here.
You block the orc warrior's attack. The orc warrior barely misses you.
The orc knight hits you with a +2 battleaxe!!
You die...

..$# ....
...o. .....
......###
.....o#.##
....O{oo@#
.....oo).#
..........#
.<####....#
. .......#
.........#
#.......#.##
........###
.......##


You could see an orc knight, 2 orc warriors, an ogre, an orc priest (strong) and
an orc (strong).

Vanquished Creatures
  The ghost of ew1980 the Warrior, a journeyman OgBe of Trog (D:13)
  4 hydras
  A boulder beetle (D:14)
  Erolcha (Orc:1)
  5 two-headed ogres
  A centaur warrior (D:13)
  A tengu warrior (D:9)
  The ghost of smarlow the Thaumaturge, a novice DjWz of Makhleb (D:9)
  A necromancer (D:13)
  An orc sorcerer (Orc:1)
  A deep elf pyromancer (D:10)
  2 cyclopes
  A manticore (D:12)
  A gargoyle (D:14)
  An efreet (D:11)
  5 trolls
  Eustachio (D:6)
  2 wraiths
  A steam dragon (D:8)
  Menkaure (D:6)
  6 vampire mosquitoes
  A warg (Orc:1)
  4 acid dragons
  3 water moccasins
  Duvessa (D:6)
  6 orc warriors
  A black bear (D:8)
  2 ogres
  3 necrophages
  5 centaurs
  A phantom (D:5)
  2 kobold brigands (D:14)
  3 bullfrogs
  A scorpion (D:6)
  2 wyvern zombies
  A water moccasin skeleton (D:4)
  Dowan (D:6)
  5 killer bees (D:11)
  13 wights
  3 vampire bats (D:14)
  3 howler monkeys
  5 centaur zombies
  3 bullfrog zombies (D:6)
  2 jellies
  A gnoll shaman (D:4)
  A hound (D:5)
  4 orc priests
  A human zombie (D:6)
  2 centaur skeletons
  2 bullfrog skeletons
  4 iguanas
  10 orc wizards
  A hound zombie (D:5)
  4 mummies
  2 howler monkey zombies
  3 adders
  4 gnolls (D:4)
  A shadow imp (D:6)
  2 white imps (D:5)
  An ufetubus (D:6)
  2 adder zombies (D:5)
  5 dart slugs
  25 orcs
  3 ball pythons
  8 bats
  6 endoplasms
  6 giant cockroaches
  4 hobgoblins
  2 quokkas
  3 frilled lizards
  5 gnoll skeletons (Ossuary)
  6 goblins
  A goblin zombie (D:8)
  7 kobolds
  6 kobold skeletons (Ossuary)
  14 orc skeletons (Ossuary)
  9 rats
  A rat zombie (D:8)
266 creatures vanquished.

Vanquished Creatures (collateral kills)
  2 centaur warriors
  Erica (D:9)
  5 two-headed ogres
  A death knight (D:12)
  2 tengu warriors (D:13)
  A slime creature (D:12)
  An orc knight (D:9)
  2 orc sorcerers (Orc:1)
  A cyclops (D:13)
  An unseen horror (D:13)
  A kobold demonologist (D:14)
  An unseen horror (shapeshifter) (D:14)
  An efreet (D:13)
  2 trolls
  A vampire (D:12)
  A vampire mosquito (D:13)
  5 orc warriors
  An ogre (D:9)
  2 centaurs
  A bullfrog (D:9)
  A kobold brigand (D:14)
  A killer bee (D:11)
  A wight (D:9)
  2 howler monkeys (D:12)
  A centaur zombie (D:10)
  An orc priest (D:10)
  2 orc wizards
  14 orcs
  A bat (D:14)
  A kobold (D:14)
58 creatures vanquished.

Vanquished Creatures (others)
  A centaur (D:14)
  4 battlemagi
  An orc (Orc:1)
6 creatures vanquished.

Grand Total: 330 creatures vanquished

Notes
Turn   | Place    | Note
-------+----------+-------------------------------------------
     0 | D:1      | issech the Troll Monk began the quest for the Orb.
     0 | D:1      | Reached XP level 1. HP: 22/22 MP: 0/0
    41 | D:1      | You fall into a shaft and drop 1 floor!
   197 | D:1      | Found Inumy's Jewellery Shoppe.
   275 | D:1      | Reached XP level 2. HP: 27/29 MP: 1/1
   540 | D:2      | Identified the +11 hand axe of the Rat {flame, rPois rC+
                  | rCorr}
   648 | D:2      | Found Qeipt's Antique Armour Shop.
   657 | D:2      | Reached XP level 3. HP: 36/36 MP: 2/2
   737 | D:2      | Found a faded altar of an unknown god.
  1108 | D:3      | Reached XP level 4. HP: 34/44 MP: 3/3
  1334 | D:3      | Reached skill level 1 in Axes
  1555 | D:3      | Found a glowing silver altar of Zin.
  1699 | D:4      | Reached XP level 5. HP: 44/53 MP: 4/4
  1726 | D:4      | Found a staircase to the Ecumenical Temple.
  1826 | Temple   | Entered the Ecumenical Temple
  2017 | D:4      | Reached skill level 2 in Axes
  2077 | D:4      | Found Racurchu's Gadget Gallery.
  2093 | D:4      | Reached XP level 6. HP: 54/61 MP: 3/5
  2166 | D:4      | Found a glowing golden altar of the Shining One.
  2302 | D:4      | Reached skill level 3 in Axes
  2621 | D:5      | Entered Level 5 of the Dungeon
  2783 | D:5      | Reached XP level 7. HP: 57/67 MP: 4/6
  3105 | D:5      | Reached skill level 4 in Axes
  3642 | D:6      | Reached skill level 5 in Axes
  3679 | D:6      | Found a shimmering altar of Xom.
  3715 | D:6      | Noticed Duvessa
  3715 | D:6      | Noticed Dowan
  3724 | D:6      | Killed Duvessa
  3725 | D:6      | Reached XP level 8. HP: 61/78 MP: 5/7
  3746 | D:6      | Killed Dowan
  3831 | D:6      | Found Ocro's Magic Scroll Boutique.
  3845 | D:6      | Bought a scroll of identify for 24 gold pieces
  3845 | D:6      | Bought a scroll of identify for 24 gold pieces
  3980 | D:6      | Noticed Menkaure
  3985 | D:6      | Killed Menkaure
  3990 | D:6      | Reached skill level 6 in Axes
  4029 | D:6      | Noticed Eustachio
  4037 | D:6      | Killed Eustachio
  4292 | D:6      | Found a basalt altar of Yredelemnul.
  4333 | D:6      | Reached skill level 1 in Armour
  4399 | D:6      | Reached XP level 9. HP: 77/85 MP: 6/8
  4592 | D:6      | Found Kapriymo's Armour Boutique.
  4600 | D:6      | Bought a +2 cloak of poison resistance for 222 gold pieces
  4765 | D:7      | Found Donelik's Antique Weapon Shoppe.
  5304 | D:7      | Reached skill level 5 in Fighting
  5304 | D:7      | Reached skill level 7 in Axes
  5689 | D:8      | Found a sand-covered staircase.
  5697 | Ossuary  | Entered an ossuary
  6259 | D:8      | Found a hazy altar of Hepliaklqana.
  6263 | D:8      | Became a worshipper of Hepliaklqana the Forgotten
  6263 | D:8      | Reached * piety under Hepliaklqana
  6263 | D:8      | Reached ** piety under Hepliaklqana
  6264 | D:8      | Remembered your ancestor Centenhua as a battlemage
  6680 | D:9      | Noticed a two-headed ogre
  6682 | D:9      | Reached skill level 5 in Dodging
  6682 | D:9      | Reached XP level 10. HP: 73/86 MP: 9/9
  6699 | D:8      | Killed a two-headed ogre
  6700 | D:8      | Reached skill level 8 in Axes
  6808 | D:9      | Noticed a tengu warrior
  6824 | D:9      | Killed a tengu warrior
  6973 | D:9      | Found a sparkling altar of Nemelex Xobeh.
  7220 | D:9      | Noticed Erica
  7238 | D:9      | HP: 4/88 [Erica (3)]
  7241 | D:9      | Killed Erica
  7353 | D:9      | Found Duocwi's Weapon Boutique.
  7357 | D:9      | Found a staircase to the Orcish Mines.
  7539 | D:9      | Noticed a two-headed ogre
  7540 | D:9      | Found a runed translucent gate.
  7541 | D:9      | Found a runed translucent gate.
  7541 | D:9      | Found a runed translucent gate.
  7541 | D:9      | Noticed smarlow's ghost (novice DjWz)
  7545 | D:9      | Killed a two-headed ogre
  7546 | D:9      | Reached skill level 9 in Axes
  7546 | D:9      | Reached skill level 5 in Armour
  7546 | D:9      | Reached skill level 1 in Shields
  7821 | D:9      | Killed smarlow's ghost
  7912 | D:10     | Entered Level 10 of the Dungeon
  8095 | D:10     | Noticed a deep elf pyromancer
  8100 | D:10     | Killed a deep elf pyromancer
  8101 | D:10     | Reached XP level 11. HP: 94/94 MP: 10/10
  8103 | D:10     | Noticed a two-headed ogre
  8111 | D:10     | Killed a two-headed ogre
  8217 | D:10     | Noticed a two-headed ogre
  8225 | D:10     | Killed a two-headed ogre
  8227 | D:10     | Found a hide-covered altar of Uskayaw.
  8296 | D:10     | Reached *** piety under Hepliaklqana
  8612 | D:10     | Found a staircase to the Lair.
  9043 | D:11     | Noticed a two-headed ogre
  9046 | D:11     | Noticed a centaur warrior
  9055 | D:11     | Killed a two-headed ogre
  9065 | D:11     | Killed a centaur warrior
  9066 | D:11     | Reached skill level 10 in Axes
  9161 | D:11     | Identified the +11 battleaxe "Etuh" {flame, +Blink rPois}
  9813 | D:12     | Noticed a death knight
  9907 | D:12     | Killed a death knight
 10153 | D:12     | Noticed a seven-headed hydra
 10160 | D:12     | Killed a four-headed hydra
 10268 | D:12     | Noticed a six-headed hydra
 10277 | D:12     | Killed a four-headed hydra
 10278 | D:12     | Reached XP level 12. HP: 46/106 MP: 11/11
 10510 | D:12     | Noticed a two-headed ogre
 10518 | D:12     | Killed a two-headed ogre
 10522 | D:12     | Reached **** piety under Hepliaklqana
 11269 | D:13     | Found a runed translucent door.
 11270 | D:13     | Noticed a centaur warrior
 11271 | D:13     | Noticed ew1980's ghost (journeyman OgBe)
 11278 | D:13     | Killed a centaur warrior
 11283 | D:13     | Noticed a two-headed ogre
 11286 | D:13     | Killed a two-headed ogre
 11327 | D:13     | Noticed a tengu warrior
 11327 | D:13     | Noticed a tengu warrior
 11337 | D:13     | Killed a tengu warrior
 11338 | D:13     | Reached skill level 11 in Axes
 11340 | D:13     | Killed a tengu warrior
 11388 | D:13     | Noticed a two-headed ogre
 11397 | D:13     | Noticed a two-headed ogre
 11398 | D:13     | Found a gate to the Vaults.
 11400 | D:13     | Killed a two-headed ogre
 11404 | D:13     | Killed a two-headed ogre
 11682 | D:13     | Noticed a five-headed hydra
 11689 | D:13     | Killed a one-headed hydra
 11770 | D:13     | Killed ew1980's ghost
 11772 | D:13     | Identified the +10 dagger of Eternal Harmony {holy, rF+}
 12184 | D:14     | Noticed a centaur warrior
 12243 | D:14     | Killed a centaur warrior
 12371 | D:14     | Noticed a four-headed hydra
 12380 | D:14     | Killed a one-headed hydra
 12577 | D:14     | Noticed a boulder beetle
 12595 | D:14     | Killed a boulder beetle
 12596 | D:14     | Reached XP level 13. HP: 43/114 MP: 12/12
 12671 | D:14     | Found a blossoming altar of Fedhas.
 12919 | D:14     | Reached ***** piety under Hepliaklqana
 13310 | Orc:1    | Entered Level 1 of the Orcish Mines
 13338 | D:9      | Reached skill level 12 in Axes
 13689 | Orc:1    | Noticed Erolcha
 13698 | Orc:1    | Killed Erolcha
 13917 | Orc:2    | Entered Level 2 of the Orcish Mines
 13917 | Orc:2    | Noticed Saint Roka
 13917 | Orc:2    | Noticed an orc warlord
 13952 | Orc:2    | HP: 4/115 [orc priest/divine providence[an orc knight]
                  | (12)]
 13953 | Orc:2    | Demolished by an orc knight

Illustrated notes

Levels and vault maps discovered:
D:1:      onia_arrival_mini_spirals, layout_rooms, serial_forest,
          infiniplex_forest_split, infiniplex_forest_end_2,
          infiniplex_forest_straight_1, infiniplex_forest_clump_tiny,
          serial_shops, nicolae_diamond_shop
D:2:      layout_rooms, shapermc_ecumenical_altar_petra, serial_shops,
          nicolae_shop_waterfront, grunt_decor_fettered
D:3:      layout_loops_ring, old_standard_altar
D:4:      layout_cave_pools, nicolae_tso_swordbearing_angel,
          minmay_temple_entry_grid, nicolae_zen_rock_garden,
          nicolae_shop_gadgets
D:5:      layout_loops_corners
D:6:      layout_basic, lemuel_mausoleum_altar_yredelemnul,
          overflow_temple_1_default, serial_shops, shop, nicolae_square_shop,
          corexii_corridor_pit, uniq_menkaure, uniq_duvessa, uniq_eustachio
D:7:      layout_rooms, serial_shops, nicolae_shop_statue_plus
D:8:      layout_basic, kennysheep_mini_moat, enter_ossuary_4
D:9:      layout_small_grid, mainiacjoe_overflow_cross_hatched, orc_david_3,
          ebering_ghost_rock_garden, uniq_erica
D:10:     layout_stronghold, nicolae_uskayaw_murder_on_the_dancefloor,
          lair_entry_dummy
D:11:     layout_loops_cross, bh_walls_and_bars
D:12:     layout_cave_pods
D:13:     layout_cave_pools, david_vaults_1, gammafunk_ghost_grave
D:14:     layout_small_grid, fedhas_altar_4, roderic_batcave
Temple:   regret_index_temple_waves
Orc:1:    layout_caves, uniq_erolcha
Orc:2:    grunt_orc_cross, layout_diamond_mine, basic_altar,
          ebering_ghost_rock_garden, uniq_saint_roka

Skill      XL: |  1  2  3  4  5  6  7  8  9 10 11 12 13 |
---------------+----------------------------------------+-----
Maces & Flails | 3 |  3.5
Axes           | 1 2 3 5 6 7 9 10 11 12 | 12.2
Fighting       | 3 4 5 6 7 8 |  8.4
Dodging        | 3 4 5 6 7 |  7.7
Stealth        | 2 3 4 |  4.6
Armour         | 1 3 5 6 7 |  7.2
Shields        | 1 2 3 4 |  4.2
Throwing       | |  0.3

Action                   |  1- 3 |  4- 6 |  7- 9 | 10-12 | 13-15 || total
-------------------------+-------+-------+-------+-------+-------++-------
Melee: Mace              |    31 |       |       |       |       ||    31
       Hand axe          |    29 |    88 |   224 |   178 |    67 ||   586
       Punch             |     1 |     2 |     3 |     3 |     2 ||    11
       Battleaxe         |       |       |       |    79 |       ||    79
Throw: Large rock        |       |       |     1 |     1 |     1 ||     3
Invok: Recall Ancestor   |       |       |     1 |       |       ||     1
       Ancestor Life: Ba |       |       |     1 |       |       ||     1
  Use: Scroll            |       |       |    10 |     7 |       ||    17
       Potion            |       |       |       |     7 |       ||     7
 Stab: Sleeping          |     2 |     5 |     6 |     2 |       ||    15
       Distracted        |       |       |       |     6 |       ||     6
Armor: Robe              |    19 |    18 |    13 |       |       ||    50
       Acid dragon scale |       |       |    68 |   126 |    27 ||   221
Dodge: Dodged            |    34 |    40 |   102 |   169 |    39 ||   384
Block: Other             |       |       |     3 |    64 |    22 ||    89
       Reflection        |       |       |     1 |     5 |     1 ||     7
